 Dungeon Crawl Stone Soup version 0.31-a0-167-g1c394c0614 (webtiles) character file.

Game seed: 3330598653982880464

25 qw the Shooter (level 3, -6/21 HPs)
             Began as a Gargoyle Hunter on June 14, 2023.
             Mangled by Sigmund
             ... wielding a +4 scythe of protection
              (9 damage)
             ... on level 2 of the Dungeon.
             The game lasted 00:00:25 (901 turns).

qw the Shooter (Gargoyle Hunter)                     Turns: 901, Time: 00:00:25

Health: -6/21      AC:  9    Str: 12 (14) XL:     3   Next: 6%
Magic:  3/3        EV: 10    Int:  8 (9)  God:
Gold:   89         SH:  0    Dex: 13 (15) Spells: 2/2 levels left

rFire   . . .        Y - +0 shortbow
rCold   . . .        (shield currently unavailable)
rNeg    + . .        d - +0 ring mail
rPois   inf          (no helmet)
rElec   +            k - +0 cloak
rCorr   .            (no gloves)
SInv    .            (no boots)
Will    .....        (no amulet)
Stlth   +            (no ring)
HPRegen 0.23/turn    (no ring)
MPRegen 0.08/turn

%: no passive effects
@: no status effects
A: sickness immunity, AC +3, negative energy resistance 1, electricity
resistance, torment resistance 1, petrification resistance
a: no special abilities


You were on level 2 of the Dungeon.
You visited 1 branch of the dungeon, and saw 2 of its levels.

You collected 89 gold pieces.


Innate Abilities, Weirdness & Mutations

You are immune to sickness and miasma.
Your stone body is resilient. (AC +3)
You are immune to poison.
You resist negative energy. (rN+)
You are resistant to electric shocks. (rElec)
You are resistant to unholy torment.
You are immune to petrification.


   Skills:
 - Level 2.1 Fighting
 + Level 4.7 Ranged Weapons
 - Level 1.1 Armour
 - Level 1.5 Dodging
 - Level 1.1 Stealth


You had 2 spell levels left.
You didn't know any spells.
Your spell library was empty.

Inventory:

Hand Weapons
 Y - a +0 shortbow (weapon)
Armour
 d - a +0 ring mail (worn)
 k - a +0 cloak (worn)
Jewellery
 a - a +6 ring of dexterity
Potions
 b - a potion of mutation {unknown}
 e - a potion of might {unknown}
 f - 2 potions of curing {unknown}
 g - a potion of heal wounds {unknown}

Dungeon Overview and Level Annotations

Branches:
Dungeon (2/15)

Altars:

Annotations:
D:2 Sigmund


Message History

The arrow hits Sigmund but does no damage.
Sigmund is lightly wounded.
You shoot an arrow.
The arrow hits Sigmund but does no damage.
Sigmund is lightly wounded.
You shoot an arrow. The arrow barely misses Sigmund.
Sigmund points at you and mumbles some strange words.
The puff of flame hits you.
You shoot an arrow. The arrow hits Sigmund.
Sigmund is moderately wounded.
Sigmund closely misses you.
You shoot an arrow.
The arrow hits Sigmund but does no damage.
Sigmund is moderately wounded.
Sigmund hits you from afar with a +4 scythe of protection.
You shoot an arrow. The arrow barely misses Sigmund.
Sigmund hits you from afar with a +4 scythe of protection.
You shoot an arrow. The arrow closely misses Sigmund.
Sigmund barely misses you.
You shoot an arrow. The arrow hits Sigmund.
Sigmund is moderately wounded.
Sigmund says, "I'm your fate." Sigmund closely misses you.
You shoot an arrow.
The arrow hits Sigmund but does no damage.
Sigmund is moderately wounded.
You shoot an arrow.
The arrow hits Sigmund but does no damage.
Sigmund is moderately wounded.
Sigmund hits you from afar with a +4 scythe of protection!
You shoot an arrow.
The arrow hits Sigmund but does no damage.
Sigmund is moderately wounded.
Sigmund hits you from afar with a +4 scythe of protection.
You shoot an arrow.
The arrow hits Sigmund but does no damage.
Sigmund is moderately wounded.
Sigmund's eyes start glowing with a red light.
Sigmund hits you from afar with a +4 scythe of protection!
You die...

############# #.#########
##### ######.#####
#..........## #...........#
. ############..........##
.# ......................#
..#
#########.##........####.P.#
#...........##.#P..
########@......#
#....#.....###
#P..P#@......#
##.P.#.......# ##b.#.......#
#####.......#
####...........##########
#...@...................#
#@#######.......)<.......


You could see Sigmund.

Vanquished Creatures
  2 dart slugs (D:2)
  A bat (D:1)
  An endoplasm (D:1)
  3 giant cockroaches
  A goblin (D:2)
  3 kobolds
  A quokka (D:2)
  3 ball pythons
  3 frilled lizards
  3 rats
21 creatures vanquished.

Notes
Turn   | Place    | Note
-------+----------+-------------------------------------------
     0 | D:1      | qw the Gargoyle Hunter began the quest for the Orb.
     0 | D:1      | Reached XP level 1. HP: 12/12 MP: 1/1
     0 | D:1      | 0 ||| qw: Version: 0.2-a-29-g1fa15c8
     0 | D:1      | 0 ||| qw: Game counter: 5034
     0 | D:1      | 0 ||| qw: Always use a shield: true
     0 | D:1      | 0 ||| qw: God list: Okawaru
     0 | D:1      | 0 ||| qw: Allow faded altars: false
     0 | D:1      | 0 ||| qw: Do Orc after D:15 true
     0 | D:1      | 0 ||| qw: Do second Lair branch before Depths: true
     0 | D:1      | 0 ||| qw: Lair rune preference: random
     0 | D:1      | 0 ||| qw: Plans: Normal, Zot:1-4, Slime:5, God:TSO, Crypt,
                  | Tomb, Abyss, Pan, Hells, Win
     0 | D:1      | 0 ||| PLANNING D:1-11
   139 | D:1      | Reached XP level 2. HP: 17/17 MP: 2/2
   391 | D:1      | 391 ||| UPGRADING to +0 ring mail.
   401 | D:1      | 401 ||| DROPPING +0 leather armour.
   402 | D:1      | 402 ||| UPGRADING to +0 cloak.
   407 | D:1      | 407 ||| READING scroll labelled FIPOUT CASY.
   408 | D:1      | 408 ||| READING scroll labelled FUZEKI GION.
   409 | D:1      | 409 ||| DRINKING 2 glowing cyan potions.
   410 | D:1      | 410 ||| DROPPING scroll of butterflies.
   411 | D:1      | 411 ||| DROPPING potion of degeneration.
   517 | D:2      | Reached skill level 1 in Armour
   523 | D:2      | Reached XP level 3. HP: 21/21 MP: 3/3
   869 | D:2      | Noticed Sigmund
   871 | D:2      | 871 ||| FLEEEEING.
   872 | D:2      | 872 ||| FLEEEEING.
   882 | D:2      | 882 ||| FLEEEEING.
   883 | D:2      | 883 ||| FLEEEEING.
   886 | D:2      | 886 ||| FLEEEEING.
   899 | D:2      | HP: 5/21 [Sigmund/+4 scythe of protection (7)]
   900 | D:2      | HP: 2/21 [Sigmund/+4 scythe of protection (3)]
   901 | D:2      | Mangled by Sigmund

Levels and vault maps discovered:
D:1:      dpeg_arrival_rooms_a, layout_rooms
D:2:      layout_rooms, serial_aquarium, aquarium_bridge_straight
          [aquarium_subvault_bridge, aquarium_subvault_wall,
          aquarium_subvault_bridge, aquarium_subvault_wall],
          aquarium_bridge_island_small [aquarium_subvault_small_open,
          aquarium_subvault_bridge, aquarium_subvault_window,
          aquarium_subvault_window, aquarium_subvault_wall],
          aquarium_window_corner, aquarium_window_2, aquarium_window_corridor_2,
          aquarium_window_fake, aquarium_view_2f, aquarium_view_2f,
          aquarium_pool_side, wander_ebering_terrifying_dragon_lair,
          uniq_crazy_yiuf_cottage, uniq_sigmund

Skill      XL: |  1  2 |
---------------+-------+-----
Armour         | 1 |  1.1
Fighting       | |  2.1
Ranged Weapons | |  4.7
Dodging        | |  1.5
Stealth        | |  1.1

Action                     || total
---------------------------++-------
   Fire: Shortbow          ||    77
    Use: Scroll            ||     2
         Potion            ||     1
 Armour: Leather armour    ||     5
         Ring mail         ||    12
  Dodge: Dodged            ||    17

Table legend:
 A = Non-vault XP
 B = Vault XP
 C = Vault XP percentage of total XP
 D = Non-vault monster count
 E = Vault monster count
 F = Vault count percentage of total count
                 A         B        C        D         E       F
            +---------+---------+-------+---------+---------+-------
      Total |      36 |       1 |   2.7 |      20 |       1 |   4.8
            +---------+---------+-------+---------+---------+-------
        D:1 |      18 |       0 |   0.0 |      12 |       0 |   0.0
        D:2 |      18 |       1 |   5.3 |       8 |       1 |  11.1
            +---------+---------+-------+---------+---------+-------
